 Seeded DCSS version 0.29-a0-925-g0a7a3d12f8 (webtiles) character file.

Game seed: 1973 (custom seed)

39 Kazon the Covered (level 3, 0/30 HPs)
             Began as a Demigod Fighter on July 28, 2022.
             Slain by a gnoll
             ... wielding a +0 spear
              (3 damage)
             ... on level 2 of the Dungeon.
             The game lasted 00:03:03 (1029 turns).

Kazon the Covered (Demigod Fighter)                 Turns: 1029, Time: 00:03:04

Health: 0/30       AC:  6    Str: 21    XL:     3   Next: 11%
Magic:  5/5        EV:  9    Int: 10    God:
Gold:   90         SH:  4    Dex: 13    Spells: 2/2 levels left

rFire   . . .      SeeInvis +   a - +0 long sword
rCold   . . .      Faith    .   c - +0 buckler
rNeg    . . .      Spirit   .   b - +0 scale mail
rPois   .          Reflect  .   (no helmet)
rElec   .          Harm     .   (no cloak)
rCorr   .          Rampage  .   (no gloves)
Will    .....                   (no boots)
Stlth   ..........              (no amulet)
HPRegen 0.10/turn               k - ring of see invisible
MPRegen 0.09/turn               (no ring)

@: no status effects
A: high MP 1, forlorn, divine attributes
a: no special abilities


You were on level 2 of the Dungeon.
You visited 1 branch of the dungeon, and saw 2 of its levels.

You collected 90 gold pieces.

Inventory:

Hand Weapons
 a - a +0 long sword (weapon)
Missiles
 g - 3 throwing nets
 i - 6 stones (quivered)
 n - 2 poisoned darts
Armour
 b - a +0 scale mail (worn)
 c - a +0 buckler (worn)
Jewellery
 k - a ring of see invisible (left hand)
Scrolls
 h - a scroll of identify {unknown}
 l - a scroll of magic mapping {unknown}
Potions
 d - a potion of might
 e - a potion of magic {unknown}
 f - 2 potions of curing {unknown}
 j - a potion of mutation {unknown}
 m - a potion of brilliance {unknown}


   Skills:
 + Level 2.8 Fighting
 + Level 2.4 Long Blades
 + Level 3.2 Armour
 + Level 2.9 Shields


You had 2 spell levels left.
You didn't know any spells.
Your spell library was empty.

Dungeon Overview and Level Annotations

Branches:
Dungeon (2/15)

Shops:
D:2 *


Innate Abilities, Weirdness & Mutations

You have an increased reservoir of magic. (+10% MP)
You shall have no god before yourself.
Your divine heritage dramatically boosts your attributes as you level up.


Message History

The goblin hits you but does no damage.
You hit the goblin but do no damage.
The goblin is severely wounded.
The goblin hits you but does no damage. The goblin misses you.
You completely miss the goblin.
The goblin is severely wounded.
You block the goblin's attack.
You slash the goblin!
You kill the goblin!
You see here a +0 dagger.
Found a sling.
A gnoll comes into view. It is wielding a +0 spear.
The gnoll shouts!
You hear a shout!
A gnoll comes into view. It is wielding a +0 club.
The gnoll hits you from afar with a +0 spear.
A gnoll comes into view. It is wielding a +0 spear.
The gnoll shouts!
The gnoll hits you but does no damage.
You hit the gnoll.
The gnoll is lightly wounded.
The gnoll misses you.
You barely miss the gnoll. The gnoll hits you but does no damage.
The gnoll hits you with a +0 club.
You hit the gnoll.
The gnoll is heavily wounded.
The gnoll hits you from afar with a +0 spear. x2
* * * LOW HITPOINT WARNING * * *
You block the gnoll's attack.
You hit the gnoll.
The gnoll is almost dead.
The gnoll completely misses you. You block the gnoll's attack.
The gnoll hits you but does no damage.
You hit the gnoll.
You kill the gnoll!
A bat comes into view.
The gnoll barely misses you. You block the gnoll's attack.
The gnoll hits you from afar with a +0 spear.
* * * LOW HITPOINT WARNING * * *
The gnoll hits you from afar with a +0 spear.
You die...

.# #.#.#..... .#
####.#..#.###.# .#
#..........b.. .#
#.##.#..#.##.. ## .#
#.##.#........ . .#
.####....#.#.#...#.# .#.# .#
.##..........##gg#.##.#.##.####
.....>.....####.).............
###.###..### #@###........#
#..# #....#####.##.# #.....###
#.## #........)....# #........
#.# #.##.#.######.###.....#
##.####.##....# #.....)....#
....∩......#.# ###.##.†...[.#
##.####.#....##.##.##.#######
#.# #.##.........#..# #.#
#.......######..#


You could see 2 gnolls and a bat.

Vanquished Creatures
  2 gnolls
  A dart slug (D:2)
  4 giant cockroaches (D:1)
  3 jackals (D:2)
  4 ball pythons
  2 bats (D:1)
  5 frilled lizards (D:1)
  2 goblins
  4 kobolds
  3 rats (D:1)
30 creatures vanquished.

Notes
Turn   | Place    | Note
-------+----------+-------------------------------------------
     0 | D:1      | Kazon the Demigod Fighter began the quest for the Orb.
     0 | D:1      | Reached XP level 1. HP: 18/18 MP: 3/3
    67 | D:1      | Reached skill level 3 in Armour
    67 | D:1      | Reached XP level 2. HP: 1/25 MP: 4/4
   938 | D:2      | Found Gaku's General Store.
   971 | D:2      | Reached XP level 3. HP: 29/30 MP: 5/5
  1029 | D:2      | Slain by a gnoll

Illustrated notes

Levels and vault maps discovered:
D:1:      dpeg_arrival_tiny_f, layout_basic
D:2:      layout_loops_ring, dreamdust_ecumenical_altar_angels_and_demons,
          serial_shops, shop

Skill      XL: |  1  2 |
---------------+-------+-----
Armour         | 3 |  3.2
Long Blades    | 2 |  2.4
Fighting       | |  2.8
Shields        | |  2.9

Action                   || total
-------------------------++-------
Melee: Long sword        ||    96
Throw: Stone             ||     2
Armor: Scale mail        ||    41
Dodge: Dodged            ||    38
Block: Buckler           ||    22

Table legend: (Time is in decaauts)
 A = Elapsed time spent in this place.
 B = Non-inter-level travel time spent in this place.
 C = Inter-level travel time spent in this place.
 D = Time resting spent in this place.
 E = Time spent auto-exploring this place.
 F = Levels seen in this place.
 G = Mean time per level.
                   A        B        C        D        E       F      G
               +--------+--------+--------+--------+--------+-----+--------+
         Total |   1060 |   1060 |      0 |      0 |    655 |   2 |  530.0 |
       Dungeon |   1060 |   1060 |      0 |      0 |    655 |   2 |  530.0 |
               +--------+--------+--------+--------+--------+-----+--------+

Top non-repeatable levels by time:
     D:1: 913 daAuts
     D:2: 146 daAuts
